 Dungeon Crawl Stone Soup version 0.24.1-5-g77f818bfca (webtiles) character file.

Game seed: 12226644591462318605, levelgen mode: deterministic

3283 lepoulpe303 the Changer (level 9, -7/75 HPs)
             Began as a Black Draconian Transmuter on Apr 23, 2020.
             Was a Follower of Wu Jian.
             Mangled by a hornet (14 damage)
             ... on level 9 of the Dungeon.
             The game lasted 00:40:14 (10412 turns).

lepoulpe303 the Changer (DrTm)                     Turns: 10412, Time: 00:40:15

Health: -7/75      AC:  2    Str: 13    XL:     9   Next: 69%
Magic:  9/16       EV: 23    Int: 17    God:    Wu Jian [*.....]
Gold:   420        SH:  0    Dex: 16    Spells: 3/18 levels left

rFire    + . .     SeeInvis .     - Unarmed
rCold    . . .     Gourm    .   (shield currently unavailable)
rNeg     . . .     Faith    +   (armour unavailable)
rPois    x         Spirit   .   (helmet currently unavailable)
rElec    .         Reflect  .   (cloak currently unavailable)
rCorr    .         Harm     .   (gloves currently unavailable)
MR       .....                  (boots currently unavailable)
Stlth    +.........             y - amulet of faith {Faith, !P}
HPRegen  0.22/turn              D - ring of protection from fire
MPRegen  0.15/turn              A - +2 ring of slaying

@: lethally poisoned (-7 -> -13), spider-form, slowed, very slow
A: tiny, (breathe lightning), unfitting armour, AC +7
a: End Transformation, Renounce Religion


You were on level 9 of the Dungeon.
You worshipped Wu Jian.
Wu Jian was aware of your devotion.
You were not hungry.
You were a venomous arachnid creature.
You visited 2 branches of the dungeon, and saw 10 of its levels.
You also visited: Sewer and Ossuary.

You collected 420 gold pieces.

Inventory:

Missiles
 k - 35 poisoned darts (quivered)
 o - 86 arrows
 v - 7 javelins
 J - a throwing net {=f}
Armour
 x - a +0 pair of gloves (melded)
Jewellery
 m - an uncursed ring of protection from magic
 y - an amulet of faith (around neck) {Faith, !P}
 A - a +2 ring of slaying (right front leg)
 C - an uncursed ring of resist corrosion
 D - a ring of protection from fire (left front leg)
 F - an uncursed ring of protection from fire
 G - an uncursed amulet of the acrobat
 I - an uncursed ring of protection from cold
 Q - an uncursed amulet of harm
Wands
 u - a wand of disintegration (9)
 M - a wand of polymorph (4)
Scrolls
 a - 5 scrolls of amnesia {unknown}
 c - 2 scrolls of enchant armour {unknown}
 f - a scroll of enchant weapon
 g - 3 scrolls of fear
 i - 2 scrolls of identify
 n - 2 scrolls of immolation {unknown}
 p - 2 scrolls of random uselessness
 t - 6 scrolls of teleportation
 w - 8 scrolls of remove curse
 z - 3 scrolls of noise {unknown}
 B - a scroll of blinking {!r}
 E - 3 scrolls of magic mapping {!r}
 H - 2 scrolls of fog {unknown}
Potions
 b - a potion of degeneration {unknown}
 d - 3 potions of might
 h - 3 potions of haste
 j - a potion of ambrosia {unknown}
 l - 5 potions of heal wounds
 q - 5 potions of curing
 r - a potion of flight
 s - 2 potions of agility {unknown}
 K - 2 potions of lignification {!q}
 L - 2 potions of brilliance {unknown}
 O - a potion of berserk rage {unknown}
Comestibles
 e - 17 rations


   Skills:
 + Level 5.7 Fighting
 + Level 5.0 Dodging
 + Level 7.4 Unarmed Combat
 + Level 5.1 Spellcasting
 * Level 7.6 Transmutations
 + Level 0.6 Ice Magic
 - Level 2.0 Poison Magic


You had 3 spell levels left.
You knew the following spells:

 Your Spells              Type           Power        Failure   Level  Hunger
a - Beastly Appendage     Tmut           ####..       4%          1    None
b - Ice Form              Ice/Tmut       ###.....     47%         4    ####...
c - Spider Form           Tmut/Pois      ###.......   17%         3    ###....
s - Sticks to Snakes      Tmut           ####....     4%          2    #......
x - Blade Hands           Tmut           ####......   36%         5    ######.

Your spell library contained the following spells:

 Spells                   Type           Power        Failure   Level  Hunger
 Throw Frost              Conj/Ice       #.....       38%         2    #......
 Sublimation of Blood     Necr           #.........   43%         2    #......
 Bolt of Cold             Conj/Ice       #.........   100%        6    #######
 Ozocubu's Refrigeration  Ice            #.........   100%        6    #######


Dungeon Overview and Level Annotations

Branches:
Dungeon (9/15)             Temple (1/1) D:7           Sewer (visited)
Ossuary (visited)
   Lair: D:8-11         Orc: D:9-12

Altars:
Ashenzari
Cheibriados
Dithmenos
Elyvilon
Fedhas
Gozag
Hepliaklqana
Makhleb
Nemelex Xobeh
Okawaru
Qazlal
Ru
Sif Muna
Trog
Uskayaw
Vehumet
Wu Jian
Xom
Zin
The Shining One

Annotations:
D:8 Maurice


Innate Abilities, Weirdness & Mutations

((You can breathe wild blasts of lightning.))
((Your glossy black scales are hard. (AC +7)))
You cannot fit into any form of body armour.
((You are resistant to electric shocks. (rElec)))
((You are cold-blooded and may be slowed by cold attacks.))


Message History

You feel as though you will be slow longer.
You take 16 damage, and have 18/75 hp.
MASSIVE DAMAGE!!
You now have 12/16 mp.
You feel sick. The hornet closely misses you.
You take 1 damage, and have 17/75 hp.
You hit the hornet but do no damage. You punch the hornet.
The hornet closely misses you. The hornet stings you!
* * * LOW HITPOINT WARNING * * *
You are more poisoned.
You feel as though you will be slow longer.
Your ball python grabs the hornet.
Your ball python constricts the hornet.
You take 8 damage, and have 9/75 hp.
Casting: Sticks to Snakes (safe; 1% risk of failure)
Your talons disappear.
You turn into a venomous arachnid creature.
Your +0 pair of gloves melds into your body.
* * * LOW HITPOINT WARNING * * *
You feel sick. The hornet stings you!
You die...

###.....##..##.#
#.######
.............#.#
#....... #.#.#..#.#
#######. #......#.# #.
#........# #.
#.....#..# #.
#.#+#....############.
#.# #yS..##...........
#.# #sS..##.##########
#.# #....##.# #.#
#.#..##.# #. #.#..##.#
#.#..##.# #.#...#.#
#.#[..#.# #.##..#.#
####..#.#


You could see a hornet and 2 friendly ball pythons.

Levels and vault maps discovered:
D:1:      lightli_arrival_maybe_door_vault, layout_rooms
D:2:      layout_loops_cross, xom_teletrap_fun
D:3:      layout_basic, old_standard_altar, lemuel_coloured_pillars_altar,
          nemelex_altar_shiori, uniq_terence
D:4:      layout_loops_ring, makhleb_heckhound_becter, minivault_5
D:5:      layout_loops_ring, slow_altar_1, first_ration, uniq_edmund, uniq_ijyb
D:6:      layout_loops_ring, portal_sewer_entry_d, grunt_decor_one_mirror,
          minmay_lizard_king
D:7:      layout_basic, minmay_temple_entry_junction_2,
          nicolae_ossuary_entry_false_entrances, the_bakery,
          kennysheep_generic_room_4
D:8:      layout_cave_pods, uniq_psyche, uniq_maurice
D:9:      layout_basic, lemuel_mausoleum_altar_kikubaaqudgha,
          lemuel_zombie_altar_yredelemnul
Temple:   regret_index_temple_sphere_string

Notes
Turn   | Place    | Note
-------+----------+-------------------------------------------
     0 | D:1      | lepoulpe303 the Draconian Transmuter began the quest for
                  | the Orb.
     0 | D:1      | Reached XP level 1. HP: 16/16 MP: 3/3
     3 | D:1      | Identified a +0 club
     4 | D:1      | Identified a +0 whip
    13 | D:1      | Identified a +0 dagger
    86 | D:1      | Identified a +0 club
    93 | D:1      | Identified a +0 dagger
    98 | D:1      | Reached XP level 2. HP: 23/23 MP: 5/5
   152 | D:1      | Identified a +0 dagger
   190 | D:1      | Reached skill level 2 in Dodging
   257 | D:1      | Reached XP level 3. HP: 25/28 MP: 6/6
   261 | D:1      | Learned a level 2 spell: Sticks to Snakes
   282 | D:1      | Identified a cursed -1 short sword
   283 | D:1      | Identified a +0 dagger
   463 | D:2      | Identified a +0 dagger
   475 | D:2      | HP: 7/28 [poisoned by an adder]
   482 | D:2      | HP: 3/28 [poisoned by an adder]
   483 | D:2      | Identified a potion of flight
   484 | D:2      | Identified a potion of lignification
   490 | D:2      | HP: 5/42 [poisoned by an adder]
   722 | D:2      | Identified a +0 short sword
   816 | D:2      | Found a shimmering altar of Xom.
   944 | D:2      | Identified a +0 dagger
  1241 | D:2      | Reached XP level 4. HP: 30/36 MP: 7/7
  1435 | D:3      | Identified a +0 trident
  1435 | D:3      | Identified a +0 chain mail
  1435 | D:3      | Noticed Terence
  1445 | D:3      | Identified a +0 falchion
  1448 | D:3      | Killed Terence
  1448 | D:3      | Reached skill level 3 in Transmutations
  1487 | D:3      | Identified a +0 short sword
  1488 | D:3      | Identified a +0 short sword
  1618 | D:3      | Identified a +0 short sword
  1620 | D:3      | Identified a +0 dagger
  1620 | D:3      | Identified a +0 leather armour
  1653 | D:3      | Identified a +0 club
  1653 | D:3      | Identified a +0 plate armour
  1945 | D:3      | Found a sparkling altar of Nemelex Xobeh.
  1969 | D:3      | Found a shimmering altar of Xom.
  2225 | D:3      | Identified a +0 hand axe
  2225 | D:3      | Identified a +0 leather armour
  2251 | D:3      | Reached skill level 2 in Fighting
  2251 | D:3      | Reached skill level 4 in Unarmed Combat
  2477 | D:3      | Reached XP level 5. HP: 41/41 MP: 8/8
  2478 | D:3      | Identified a +0 club
  2573 | D:3      | Found an opulent altar of Gozag.
  2872 | D:4      | Identified a cursed -2 dagger
  3380 | D:4      | Identified a +0 hand axe
  3382 | D:4      | Identified a +0 flail
  3382 | D:4      | Identified a +0 ring mail
  3388 | D:4      | Identified a +2 flail of protection
  3388 | D:4      | Identified a +0 ring mail
  3580 | D:4      | Reached XP level 6. HP: 28/50 MP: 8/10
  3738 | D:4      | Identified 3 scrolls of teleportation
  3739 | D:4      | Identified 4 scrolls of fear
  3740 | D:4      | Identified 3 scrolls of remove curse
  3741 | D:4      | Identified a ring of protection from cold (You found it on
                  | level 4 of the Dungeon)
  3742 | D:4      | Identified a ring of protection from fire (You found it on
                  | level 1 of the Dungeon)
  3782 | D:4      | Found a burning altar of Makhleb.
  4229 | D:4      | Identified a +0 leather armour
  4390 | D:4      | Identified a +0 pair of gloves (You found it on level 4 of
                  | the Dungeon)
  4430 | D:5      | Entered Level 5 of the Dungeon
  4458 | D:5      | Found a snail-covered altar of Cheibriados.
  4473 | D:5      | Reached skill level 4 in Transmutations
  4519 | D:5      | Reached skill level 3 in Fighting
  4519 | D:5      | Reached skill level 3 in Spellcasting
  4524 | D:5      | Learned a level 3 spell: Spider Form
  4714 | D:5      | Identified a +0 flail
  4729 | D:5      | Identified a +0 club
  4729 | D:5      | Identified a +1 ring mail of fire resistance
  4729 | D:5      | Noticed Ijyb
  4730 | D:5      | Paralysed by Ijyb for 6 turns
  4755 | D:5      | Killed Ijyb
  4755 | D:5      | Reached skill level 3 in Dodging
  4817 | D:5      | Identified a +0 flail
  4817 | D:5      | Identified a +0 halberd
  4817 | D:5      | Identified a +0 whip
  4838 | D:5      | Your scales start taking on a glossy black colour.
  4838 | D:5      | Reached XP level 7. HP: 25/57 MP: 8/11
  4838 | D:5      | Gained mutation: You are resistant to electric shocks.
                  | (rElec) [Black Draconian growth]
  5151 | D:5      | Reached skill level 5 in Unarmed Combat
  5175 | D:5      | Identified a +1 dire flail of protection
  5175 | D:5      | Identified a +1 ring mail of fire resistance
  5175 | D:5      | Noticed Edmund
  5195 | D:5      | Killed Edmund
  5592 | D:5      | Identified 3 scrolls of identify
  5592 | D:5      | Identified an amulet of harm (You found it on level 3 of
                  | the Dungeon)
  5593 | D:5      | Identified an amulet of faith (You found it on level 5 of
                  | the Dungeon)
  5595 | D:5      | Identified a ring of protection from magic (You found it on
                  | level 4 of the Dungeon)
  5597 | D:5      | Identified a ring of slaying (You found it on level 5 of
                  | the Dungeon)
  5800 | D:6      | Reached skill level 5 in Transmutations
  5971 | D:6      | Identified a +0 giant club
  5979 | D:6      | Reached XP level 8. HP: 36/66 MP: 7/13
  6033 | D:6      | Found a glowing drain.
  6042 | Sewer    | Entered a sewer
  6161 | Sewer    | Noticed Purgy
  6172 | Sewer    | Killed Purgy
  6378 | D:6      | Reached skill level 4 in Fighting
  6378 | D:6      | Reached skill level 6 in Unarmed Combat
  6410 | D:6      | Identified a +0 falchion
  6977 | D:7      | Reached skill level 4 in Spellcasting
  7026 | D:7      | Identified a scroll of enchant weapon
  7027 | D:7      | Identified 2 scrolls of random uselessness
  7028 | D:7      | Identified 2 scrolls of blinking
  7046 | D:7      | Identified 2 scrolls of magic mapping
  7061 | D:7      | Identified a +0 giant spiked club
  7069 | D:7      | Reached skill level 4 in Dodging
  7069 | D:7      | Reached skill level 6 in Transmutations
  7117 | D:7      | Found a sand-covered staircase.
  7124 | Ossuary  | Entered an ossuary
  7535 | Ossuary  | Identified 5 potions of curing
  7536 | Ossuary  | Identified 5 potions of heal wounds
  7537 | Ossuary  | Identified 3 potions of haste
  7538 | Ossuary  | Identified 3 potions of might
  7646 | D:7      | Found a staircase to the Ecumenical Temple.
  7647 | D:7      | Identified a +0 mace
  7647 | D:7      | Identified a +0 chain mail
  7648 | D:7      | Identified a +0 dagger
  7648 | D:7      | Identified a +0 leather armour
  7649 | D:7      | Identified a +0 dagger
  7649 | D:7      | Identified a +0 robe
  7681 | Temple   | Entered the Ecumenical Temple
  7772 | Temple   | Became a worshipper of the Wu Jian Council
  7774 | Temple   | Identified a ring of resist corrosion (You found it on
                  | level 6 of the Dungeon)
  7777 | Temple   | Identified an amulet of the acrobat (You found it on level
                  | 6 of the Dungeon)
  7903 | D:7      | Identified a +0 hand axe
  8106 | D:7      | Reached XP level 9. HP: 36/73 MP: 15/15
  8113 | D:7      | Learned a level 5 spell: Blade Hands
  8118 | D:7      | Learned a level 4 spell: Ice Form
  8318 | D:7      | Identified a +0 giant spiked club
  8324 | D:7      | Reached skill level 7 in Unarmed Combat
  8326 | D:7      | Identified a +0 hunting sling
  8338 | D:7      | Reached skill level 5 in Fighting
  8505 | D:7      | Identified a +0 dagger
  8505 | D:7      | Identified a +0 robe
  8739 | D:8      | Identified a +2 dagger of chaos
  8739 | D:8      | Identified a +2 robe of magic resistance
  8739 | D:8      | Noticed Psyche
  8739 | D:8      | Identified a +0 short sword
  8739 | D:8      | Identified a cursed +0 cloak
  8739 | D:8      | Noticed Maurice
  8891 | D:8      | Reached skill level 1 in Poison Magic
  8935 | D:8      | HP: 17/74 [Psyche/+2 dagger of chaos (2)]
  8938 | D:8      | Killed Psyche
  8938 | D:8      | Reached skill level 7 in Transmutations
  9466 | D:8      | Identified a +0 hand axe
  9466 | D:8      | Identified a +0 chain mail
  9467 | D:8      | Identified a +0 leather armour
  9468 | D:8      | Identified a +0 club
  9468 | D:8      | Identified a +0 scale mail
  9759 | D:8      | Identified a +0 whip
  9760 | D:8      | Identified a +0 dagger
  9760 | D:8      | Identified a +0 robe
  9761 | D:8      | Identified a cursed -3 dagger
  9761 | D:8      | Identified a +0 robe
  9762 | D:8      | Identified a +0 mace
  9762 | D:8      | Identified a +0 hand axe
  9774 | D:8      | Reached * piety under Wu Jian
  9775 | D:8      | Reached skill level 2 in Poison Magic
  9923 | D:8      | Reached skill level 5 in Spellcasting
 10213 | D:9      | Identified the Almanac of the Dark Frostbite
 10278 | D:9      | Reached skill level 5 in Dodging
 10409 | D:9      | HP: 18/75 [hornet (4)]
 10412 | D:9      | HP: 7/75 [poisoned by a hornet]
 10412 | D:9      | Mangled by a hornet

Table legend:
 A = Turns spent in this place as a percentage of turns spent in the entire game.
 B = Non-inter-level travel turns spent in this place as a percentage of non-inter-level travel turns spent in the entire game.
 C = Inter-level travel turns spent in this place as a percentage of turns spent in this place.
 D = Turns resting spent in this place as a percentage of non-inter-level travel turns spent in this place.
 E = Turns spent auto-exploring this place as a percentage of non-inter-level travel turns spent in this place.
 F = Non-inter-level travel turns spent in this place divided by the number of levels of this place that you've seen.
                   A       B       C       D       E      F
               +-------+-------+-------+-------+-------+----------------------
         Total | 100.0 | 100.0 |   4.2 |  31.3 |  43.4 | 830.9
       Dungeon |  91.8 |  91.6 |   4.4 |  30.6 |  45.3 | 1015.1
        Temple |   1.2 |   1.0 |  17.2 |   0.0 |  84.2 | 101.0
         Sewer |   3.0 |   3.2 |   0.0 |  30.4 |  32.3 | 316.0
       Ossuary |   4.0 |   4.2 |   0.0 |  54.8 |   0.0 | 418.0
               +-------+-------+-------+-------+-------+----------------------

Table legend:
 A = Kills in this place as a percentage of kills in entire the game.
 B = Kills by you in this place as a percentage of kills by you in the entire game.
 C = Kills by friends in this place as a percentage of kills by friends in the entire game.
 D = Other kills in this place as a percentage of other kills in the entire game.
 E = Experience gained in this place as a percentage of experience gained in the entire game.
 F = Experience gained in this place divided by the number of levels of this place that you have seen.
                   A       B       C       D       E      F
               +-------+-------+-------+-------+-------+----------------------
         Total | 100.0 | 100.0 | 100.0 |   N/A | 100.0 | 390.9
       Dungeon |  86.1 |  86.7 |  76.9 |   N/A |  92.8 | 483.8
         Sewer |   3.8 |   3.1 |  15.4 |   N/A |   2.6 | 123.0
       Ossuary |  10.1 |  10.3 |   7.7 |   N/A |   4.6 | 214.0
               +-------+-------+-------+-------+-------+----------------------

Skill      XL: |  1  2  3  4  5  6  7  8  9 |
---------------+----------------------------+-----
Dodging        | 2 3 4 5 |  5.0
Transmutations | 3 4 5 6 7 |  7.6
Fighting       | 2 3 4 5 |  5.7
Unarmed Combat | 4 5 6 7 |  7.4
Spellcasting   | 3 4 5 |  5.1
Poison Magic   | 2 |  2.0
Ice Magic      | |  0.6

Action                   |  1- 3 |  4- 6 |  7- 9 || total
-------------------------+-------+-------+-------++-------
Melee: Unarmed           |   143 |   291 |   444 ||   878
       Tailslap          |     9 |    31 |    50 ||    90
       Headbutt          |     5 |    12 |    18 ||    35
       Punch             |     2 |     8 |    13 ||    23
       Kick              |       |    14 |    31 ||    45
 Cast: Beastly Appendage |     6 |    16 |    39 ||    61
       Sticks to Snakes  |       |     9 |    23 ||    32
       Spider Form       |       |       |     3 ||     3
Invok: Lunge             |       |       |    12 ||    12
       Whirlwind         |       |       |     1 ||     1
  Use: Potion            |     2 |       |     1 ||     3
       Scroll            |       |     3 |    11 ||    14
 Stab: Sleeping          |       |     1 |     1 ||     2
       Distracted        |       |     1 |     1 ||     2
  Eat: Chunk             |     1 |    12 |    11 ||    24
       Ration            |       |       |     3 ||     3
Armor: Skin              |    49 |    65 |    95 ||   209
Dodge: Dodged            |   104 |   165 |   260 ||   529

Vanquished Creatures
  Psyche (D:8)
  An orc warrior (D:8)
  Purgy (Sewer)
  A black bear (D:6)
  A necrophage (D:9)
  An ogre (D:7)
  2 phantoms
  5 bullfrogs
  An elf zombie (Ossuary)
  2 scorpions
  2 howler monkeys
  2 killer bees (D:8)
  A bullfrog zombie (D:7)
  A lava snake (D:7)
  4 crimson imps
  7 hounds
  2 bullfrog skeletons
  5 jellies
  3 orc wizards
  2 iguanas
  Ijyb (D:5)
  5 worker ants
  2 big kobold zombies (Ossuary)
  3 mummies
  3 gnolls (D:5)
  8 adders
  4 oozes
  6 adder zombies
  A dart slug (D:1)
  3 worms
  11 leopard geckos
  19 orcs
  5 giant cockroaches
  6 hobgoblins
  11 jackals
  2 quokkas
  A ball python (Sewer)
  7 bats
  12 frilled lizards
  7 goblins (D:1)
  3 goblin zombies (Ossuary)
  A hobgoblin zombie (Ossuary)
  A jackal zombie (D:6)
  11 kobolds
  3 kobold zombies (Ossuary)
  A leopard gecko skeleton (D:4)
  A quokka zombie (Ossuary)
  10 rats
  2 rat zombies (Ossuary)
195 creatures vanquished.

Vanquished Creatures (collateral kills)
  A spriggan (D:7)
  Edmund (D:5)
  An eye of draining (D:9)
  2 ogres
  A killer bee (D:8)
  An orc priest (D:3)
  Terence (D:3)
  A mummy (Ossuary)
  An orc (D:3)
  A ball python (Sewer)
  2 frilled lizards
13 creatures vanquished.

Grand Total: 208 creatures vanquished
